General information
- name: BNet
- type: Ladder team game (AT/RT)
- host: Battle.net
- saver: Teelo
map: Battleground
- players: 8
- length: 20:07
- speed: Fast
- version: 1.26 W3XP
- replay type: Public
» download(111 KB)
Players
team 1 (winner)

»
ShoeStacker101 (
green | 28 APM | 499 actions | 17:53)
3 Priestess of the Moon
2 Trueshot Aura
1 Searing Arrows
» actions
| Basic commands | 28 | |
| Build / train | 51 | |
| Enter build submenu | 19 | |
| Enter hero's abilities submenu | 3 | |
| Remove unit from queue | 2 | |
| Right click | 111 | |
| Select / deselect | 257 | |
| Use ability | 28 | |
499 total
» units
| Wisp | 13 | |
| Huntress | 8 | |
| Dryad | 11 | |
| Druid of the Talon | 5 | |
37 total
» upgrades
| Abolish Magic | 1 | |
| Strength of the Wild | 2 | |
| Reinforced Hides | 2 | |
5 total
» buildings
| Altar of Elders | 1 | |
| Moon Well | 7 | |
| Ancient of War | 1 | |
| Hunter's Hall | 1 | |
| Tree of Ages | 1 | |
| Ancient of Lore | 2 | |
| Ancient Protector | 4 | |
| Ancient of Wind | 1 | |
18 total
» build order
00:21 Altar of Elders
00:38 Moon Well
01:31 Ancient of War
02:01 Hunter's Hall
02:17 Moon Well
02:31 Moon Well
02:48 Moon Well
03:57 Moon Well
04:45 Tree of Ages
07:33 Ancient of Lore
07:36 Ancient of Lore
08:08 Ancient Protector
08:11 Ancient Protector
10:20 Ancient Protector
10:24 Ancient Protector
11:12 Moon Well
11:28 Moon Well
12:44 Ancient of Wind
» items

»
Teelo (
orange | 40 APM | 802 actions | 20:07)
2 Pandaren Brewmaster
1 Breath of Fire
1 Drunken Haze
2 Archmage
2 Summon Water Elemental
» actions
| Assign group hotkey | 38 | |
| Basic commands | 30 | |
| Build / train | 33 | |
| ESC pressed | 1 | |
| Enter build submenu | 14 | |
| Enter hero's abilities submenu | 3 | |
| Right click | 379 | |
| Select / deselect | 133 | |
| Select group hotkey | 71 | |
| Use ability | 100 | |
802 total
» units
» upgrades
| Strength of the Wild | 1 | |
| Reinforced Hides | 1 | |
| Ultravision | 1 | |
3 total
» buildings
| Ancient of War | 1 | |
| Moon Well | 4 | |
| Altar of Elders | 1 | |
| Ancient of Wonders | 1 | |
| Hunter's Hall | 1 | |
| Tree of Ages | 1 | |
| Tree of Life | 3 | |
12 total
» build order
00:29 Ancient of War
00:35 Moon Well
00:53 Altar of Elders
02:04 Moon Well
02:14 Ancient of Wonders
02:58 Hunter's Hall
03:11 Moon Well
04:07 Tree of Ages
04:38 Moon Well
09:30 Tree of Life
09:40 Tree of Life
16:05 Tree of Life
» items
| Moonstone | 1 | |
| Lesser Clarity Potion | 2 | |
| Dust of Appearance | 1 | |
| Potion of Healing | 1 | |
| Potion of Mana | 1 | |
6 total
uR-aLL-NooBs (
blue | 52 APM | 504 actions | 09:40)
2 Archmage
1 Summon Water Elemental
1 Brilliance Aura
» actions
| Assign group hotkey | 1 | |
| Build / train | 26 | |
| Enter build submenu | 13 | |
| Enter hero's abilities submenu | 2 | |
| Right click | 282 | |
| Select / deselect | 145 | |
| Select group hotkey | 1 | |
| Use ability | 34 | |
504 total
» units
| Peasant | 10 | |
| Footman | 6 | |
| Rifleman | 3 | |
19 total
» upgrades
» buildings
| Altar of Kings | 1 | |
| Farm | 5 | |
| Barracks | 1 | |
| Arcane Vault | 1 | |
| Blacksmith | 1 | |
| Keep | 1 | |
| Scout Tower | 2 | |
| Lumber Mill | 1 | |
| Guard Tower | 1 | |
14 total
» build order
00:18 Altar of Kings
00:22 Farm
00:36 Barracks
00:54 Farm
01:37 Farm
02:10 Farm
02:35 Arcane Vault
03:58 Farm
04:27 Blacksmith
04:36 Keep
05:01 Scout Tower
05:05 Scout Tower
06:53 Lumber Mill
09:12 Guard Tower
» items
904soldier (
teal | 31 APM | 622 actions | 20:06)
4 Death Knight
1 Death Coil
2 Unholy Aura
1 Death Pact
» actions
| Assign group hotkey | 7 | |
| Basic commands | 9 | |
| Build / train | 37 | |
| Enter build submenu | 20 | |
| Enter hero's abilities submenu | 4 | |
| Give item / drop item | 3 | |
| Right click | 311 | |
| Select / deselect | 89 | |
| Select group hotkey | 118 | |
| Use ability | 24 | |
622 total
» units
| Acolyte | 3 | |
| Ghoul | 9 | |
| Frost Wyrm | 8 | |
| Gargoyle | 2 | |
22 total
» upgrades
| Freezing Breath | 1 | |
| Creature Attack | 1 | |
2 total
» buildings
| Crypt | 2 | |
| Ziggurat | 9 | |
| Altar of Darkness | 2 | |
| Graveyard | 1 | |
| Tomb of Relics | 1 | |
| Spirit Tower | 5 | |
| Halls of the Dead | 1 | |
| Black Citadel | 1 | |
| Sacrificial Pit | 1 | |
| Boneyard | 3 | |
26 total
» build order
00:58 Crypt
01:02 Ziggurat
01:09 Altar of Darkness
01:28 Altar of Darkness
01:33 Ziggurat
01:36 Ziggurat
01:42 Graveyard
02:09 Tomb of Relics
03:48 Ziggurat
03:51 Spirit Tower
04:14 Spirit Tower
04:20 Spirit Tower
04:40 Spirit Tower
05:18 Halls of the Dead
07:39 Ziggurat
07:41 Black Citadel
07:44 Ziggurat
07:46 Ziggurat
07:52 Ziggurat
07:56 Ziggurat
08:15 Sacrificial Pit
09:23 Spirit Tower
10:06 Boneyard
10:09 Boneyard
10:13 Boneyard
10:18 Crypt
» items
team 2 (loser)

»
W0P (
yellow | 59 APM | 1185 actions | 20:06)
6 Archmage
3 Blizzard
2 Brilliance Aura
1 Mass Teleport
» actions
| Assign group hotkey | 17 | |
| Build / train | 55 | |
| Enter build submenu | 24 | |
| Enter hero's abilities submenu | 6 | |
| Remove unit from queue | 1 | |
| Right click | 482 | |
| Select / deselect | 237 | |
| Select group hotkey | 331 | |
| Use ability | 31 | |
1185 total
» units
| Peasant | 12 | |
| Rifleman | 8 | |
| Mortar Team | 9 | |
| Sorceress | 5 | |
34 total
» upgrades
| Gunpowder | 3 | |
| Armor | 3 | |
| Long Rifles | 1 | |
| Lumber Harvesting | 1 | |
| Sorceress Training | 2 | |
| Fragmentation Shards | 1 | |
11 total
» buildings
| Altar of Kings | 1 | |
| Farm | 12 | |
| Blacksmith | 1 | |
| Barracks | 2 | |
| Lumber Mill | 1 | |
| Keep | 1 | |
| Workshop | 1 | |
| Castle | 1 | |
| Town Hall | 1 | |
| Arcane Vault | 1 | |
| Arcane Sanctum | 1 | |
23 total
» build order
00:09 Altar of Kings
00:16 Farm
00:59 Blacksmith
01:05 Farm
01:52 Barracks
02:10 Barracks
02:20 Farm
02:53 Lumber Mill
02:59 Farm
03:44 Farm
04:21 Farm
05:33 Keep
06:43 Farm
07:35 Farm
08:01 Workshop
09:07 Farm
10:19 Farm
11:04 Farm
11:07 Castle
11:45 Farm
12:09 Town Hall
12:48 Arcane Vault
12:57 Arcane Sanctum
bulldozerx4 (
purple | 57 APM | 1140 actions | 20:06)
4 Mountain King
2 Storm Bolt
2 Bash
3 Dark Ranger
2 Black Arrow
1 Life Drain
» actions
| Assign group hotkey | 33 | |
| Build / train | 53 | |
| Enter build submenu | 41 | |
| Enter hero's abilities submenu | 7 | |
| Remove unit from queue | 1 | |
| Right click | 569 | |
| Select / deselect | 189 | |
| Select group hotkey | 197 | |
| Use ability | 50 | |
1140 total
» units
» upgrades
| Gunpowder | 3 | |
| Armor | 3 | |
| Masonry | 1 | |
| Long Rifles | 1 | |
8 total
» buildings
| Altar of Kings | 1 | |
| Farm | 10 | |
| Blacksmith | 1 | |
| Barracks | 2 | |
| Scout Tower | 16 | |
| Arcane Tower | 1 | |
| Keep | 1 | |
| Lumber Mill | 1 | |
| Guard Tower | 4 | |
| Town Hall | 1 | |
| Castle | 1 | |
| Arcane Vault | 1 | |
40 total
» build order
00:10 Altar of Kings
00:14 Farm
00:48 Blacksmith
01:03 Farm
02:01 Barracks
02:11 Farm
02:33 Barracks
03:08 Scout Tower
03:13 Farm
03:42 Farm
03:44 Scout Tower
04:34 Arcane Tower
06:26 Keep
07:17 Farm
07:26 Farm
07:28 Farm
07:29 Farm
09:54 Scout Tower
09:55 Scout Tower
09:56 Scout Tower
09:58 Scout Tower
09:59 Scout Tower
10:04 Scout Tower
10:10 Lumber Mill
10:39 Guard Tower
11:15 Town Hall
13:37 Castle
15:37 Arcane Vault
16:10 Scout Tower
16:10 Scout Tower
16:14 Scout Tower
17:56 Scout Tower
17:57 Guard Tower
18:00 Scout Tower
18:00 Scout Tower
18:01 Scout Tower
18:01 Scout Tower
18:03 Guard Tower
18:19 Farm
18:37 Guard Tower

»
noobfest (
red | 30 APM | 605 actions | 20:06)
6 Far Seer
2 Feral Spirit
3 Chain Lighting
1 Earth Quake
» actions
| Basic commands | 10 | |
| Build / train | 50 | |
| Enter build submenu | 13 | |
| Enter hero's abilities submenu | 6 | |
| Give item / drop item | 1 | |
| Right click | 368 | |
| Select / deselect | 123 | |
| Use ability | 33 | |
605 total
» units
| Peon | 7 | |
| Troll Headhunter/Berserker | 12 | |
| Wind Rider | 6 | |
| Shaman | 3 | |
28 total
» upgrades
| Armor | 2 | |
| Ranged Weapons | 2 | |
| Troll Regeneration | 1 | |
| Shaman Training | 2 | |
| Berserker Upgrade | 1 | |
| Witch Doctor Training | 1 | |
9 total
» buildings
| Altar of Storms | 1 | |
| Orc Burrow | 6 | |
| War Mill | 1 | |
| Barracks | 1 | |
| Voodoo Lounge | 1 | |
| Stronghold | 1 | |
| Watch Tower | 1 | |
| Fortress | 1 | |
| Spirit Lodge | 1 | |
| Beastiary | 1 | |
15 total
» build order
00:17 Altar of Storms
00:24 Orc Burrow
01:13 War Mill
01:26 Barracks
01:36 Orc Burrow
02:23 Voodoo Lounge
03:22 Orc Burrow
07:46 Stronghold
07:52 Watch Tower
10:33 Fortress
10:38 Spirit Lodge
10:43 Beastiary
11:18 Orc Burrow
13:04 Orc Burrow
14:22 Orc Burrow
» items
| Lesser Clarity Potion | 1 | |
| Healing Salve | 1 | |
| Orb of Lightning | 1 | |
| Potion of Lesser Invulnerability | 1 | |
4 total

»
DM11 (
pink | 36 APM | 721 actions | 20:06)
6 Tauren Chieftain
2 Shockwave
3 Endurance Aura
1 Reincarnation
» actions
| Assign group hotkey | 16 | |
| Basic commands | 13 | |
| Build / train | 50 | |
| Enter build submenu | 21 | |
| Enter hero's abilities submenu | 6 | |
| Right click | 223 | |
| Select / deselect | 139 | |
| Select group hotkey | 213 | |
| Use ability | 40 | |
721 total
» units
| Peon | 12 | |
| Grunt | 4 | |
| Troll Witch Doctor | 3 | |
| Tauren | 5 | |
| Raider | 4 | |
28 total
» upgrades
| Melee Weapons | 2 | |
| Armor | 1 | |
| Witch Doctor Training | 2 | |
| Pulverize | 1 | |
| Ensnare | 1 | |
| Pillage | 1 | |
8 total
» buildings
| Altar of Storms | 1 | |
| Orc Burrow | 6 | |
| Barracks | 1 | |
| War Mill | 1 | |
| Voodoo Lounge | 1 | |
| Watch Tower | 4 | |
| Stronghold | 1 | |
| Fortress | 1 | |
| Spirit Lodge | 1 | |
| Tauren Totem | 3 | |
| Beastiary | 2 | |
22 total
» build order
00:10 Altar of Storms
00:23 Orc Burrow
00:40 Barracks
01:23 Orc Burrow
02:32 War Mill
03:05 Voodoo Lounge
04:07 Orc Burrow
04:22 Watch Tower
04:59 Stronghold
05:31 Watch Tower
07:13 Watch Tower
07:33 Fortress
07:38 Spirit Lodge
08:17 Orc Burrow
08:46 Watch Tower
10:21 Tauren Totem
10:25 Tauren Totem
10:32 Tauren Totem
12:54 Orc Burrow
13:24 Beastiary
13:45 Orc Burrow
13:48 Beastiary
» items
| Healing Salve | 1 | |
| Scroll of Speed | 1 | |
| Orb of Lightning | 2 | |
| Scroll of Town Portal | 1 | |
5 total
Chat log
(00:27 / Allies) ShoeStacker101: plan?
(00:31 / Allies) ShoeStacker101: I got hunt to drayds
(00:48 / Allies) Teelo: Ill either get MGs or chims, depending on what our UD gets
(01:03 / Allies) uR-aLL-NooBs: rif mort
(01:05 / Allies) uR-aLL-NooBs: caster
(01:21 / Allies) ShoeStacker101: wow, I'm lagging bad for some reason...
(01:25 / Allies) ShoeStacker101: hopefully it'll fix
(01:48 / Allies) 904soldier: noobs tend to lag more
(02:05 / Allies) ShoeStacker101: yup!
(03:06 / Allies) 904soldier: chims or mg lol
(03:17 / Allies) Teelo: depends what you're getting
(03:20 / Allies) uR-aLL-NooBs: yellow going rifhr
(03:22 / Allies) 904soldier: bears would be nice for the team
(03:29 / Allies) Teelo: greens getting bears
(03:37 / Allies) ShoeStacker101: I'm getting dryad
(03:39 / Allies) ShoeStacker101: faires
(03:40 / Allies) 904soldier: lol
(03:49 / Allies) Teelo: allright bears then
(03:57 / Allies) 904soldier: clueless
(04:03 / Allies) 904soldier: \bears help the whole team
(04:11 / Allies) 904soldier: well if u can use them properly
(04:13 / Allies) Teelo: and I just said I would get bears
(05:10 / Allies) Teelo: green come
(05:50 / Allies) uR-aLL-NooBs: teal
(05:52 / Allies) uR-aLL-NooBs: tp
(05:53 / Allies) uR-aLL-NooBs: oob
(05:54 / Allies) uR-aLL-NooBs: noob
(05:55 / Allies) 904soldier: no
(06:03 / All) uR-aLL-NooBs: gg
(06:07 / All) uR-aLL-NooBs: dumbass fucking team
(06:08 / Allies) 904soldier: its already o0ver
(06:18 / Allies) 904soldier: green and oj both dont hav units
(06:26 / Allies) 904soldier: i cant sav u alone
(06:27 / Allies) uR-aLL-NooBs: teal play solo
(06:28 / Allies) ShoeStacker101: I lost all of mine already
(06:29 / Allies) uR-aLL-NooBs: u dumfuck
(06:51 / Allies) 904soldier: green and oj both had like 3 units
(06:56 / Allies) uR-aLL-NooBs: so the fuck what
(06:57 / Allies) 904soldier: this is a rush map
(06:58 / Allies) uR-aLL-NooBs: at least try
(07:00 / Allies) 904soldier: not teck
(07:03 / Allies) uR-aLL-NooBs: no sense in even playing them
(07:05 / Allies) 904soldier: i am
(07:05 / Allies) uR-aLL-NooBs: either tp
(07:06 / Allies) uR-aLL-NooBs: or leave
(07:07 / Allies) uR-aLL-NooBs: faggot
(07:11 / All) noobfest: lmfao shit base design
(07:13 / Allies) uR-aLL-NooBs: now what?
(07:16 / Allies) 904soldier: i hav a better chance to teck up then attack
(07:22 / Allies) uR-aLL-NooBs: me and u suppose to win alone? as u tech
(07:30 / Allies) uR-aLL-NooBs: u fuckin tards on bnet nowdays
(07:33 / Allies) 904soldier: is better chance then me suiciding
(07:35 / Allies) Teelo: I like how you guys all have 1500 gold
(07:45 / Allies) uR-aLL-NooBs: orange
(07:48 / Allies) uR-aLL-NooBs: like how ur dead
(07:48 / Allies) uR-aLL-NooBs: noob
(07:52 / Allies) uR-aLL-NooBs: dumbass base build
(07:54 / Allies) uR-aLL-NooBs: no one could even tp
(07:57 / Allies) uR-aLL-NooBs: wed be trapped
(07:58 / Allies) Teelo: lol?
(08:05 / Allies) Teelo: I could easily uproot and let you out
(08:06 / Allies) uR-aLL-NooBs: noob
(08:07 / Allies) Teelo: but you didnt tp
(08:16 / Allies) uR-aLL-NooBs: I COULDNT
(08:20 / Allies) uR-aLL-NooBs: UR BASE WOULD HAVE TRAPPED ME
(08:21 / Allies) uR-aLL-NooBs: dumbass
(08:28 / Allies) Teelo: I COULD UPROOT AND UN TRAP YOU
(08:29 / Allies) uR-aLL-NooBs: thats why i walked
(08:29 / All) Teelo: RETARD
(08:37 / Allies) 904soldier: you should of not suicided and made some defence if you are gonna teck
(08:41 / Allies) uR-aLL-NooBs: look stupid that doesnt make snese
(08:44 / All) Teelo: lol my ally is bitching that because I walled the front of my base off, he had no need to TP
(08:51 / Allies) 904soldier: we cant win now
(08:54 / All) W0P: stfu\
(08:58 / All) W0P: you have no base now
(08:58 / Allies) Teelo: you all teched
(09:02 / All) uR-aLL-NooBs: no stupid....i said we would have been trapped
(09:02 / Allies) Teelo: I dont see defense in your bases
(09:04 / All) noobfest: ur base design sucked
(09:05 / All) uR-aLL-NooBs: dumbfuck
(09:07 / Allies) 904soldier: no oj i didnt teck
(09:08 / All) uR-aLL-NooBs: exactly
(09:12 / Allies) 904soldier: i just started to
(09:13 / All) DM11: we targeted you because of your base
(09:21 / All) uR-aLL-NooBs: orange is a fucking tard
(09:28 / Allies) 904soldier: yes oj is
(09:36 / All) uR-aLL-NooBs: gg this shit is stupid
(09:39 / Allies) 904soldier: green tp now
(09:44 / Allies) 904soldier: ok dont
(09:59 / Allies) 904soldier: get defence green now
(10:38 / Allies) 904soldier: oj are you gonna giv resources?
(10:54 / Allies) Teelo: are either of you poor
(11:35 / All) noobfest: just leave
(11:43 / All) Teelo: make me?
(11:50 / All) noobfest: sigh boring
(11:52 / All) Teelo: for that, red, next time I see you, I'm teamkilling you :)
(11:57 / Allies) 904soldier: gold
(12:00 / All) noobfest: go ahead
(12:10 / All) noobfest: i will enjoy ur feeble effort
(12:52 / All) noobfest: seriously if ur on my team i lost already so who gives a shit
(12:52 / Allies) 904soldier: come to me now
(13:10 / Allies) 904soldier: now
(13:21 / Allies) 904soldier: u need to lkisten
(13:24 / Allies) Teelo: lol nice tower array
(13:28 / Allies) Teelo: no defense at your actual mine
(13:29 / Allies) Teelo: good job
(13:39 / Allies) Teelo: if a blademaster had harassed you, all your acolytes would be dead
(14:13 / Allies) Teelo: lol now you're killing each other
(14:14 / Allies) 904soldier: why would u take my item green?
(14:27 / Allies) Teelo: if thats the level of skill you possess, then you have no reason to trash talk me
(14:39 / Allies) Teelo: IM SORY I THOUGHT THIS WAS A TEAM GAME
(14:41 / Allies) 904soldier: idiots
(15:10 / Allies) Teelo: you're the retard teal, terrible base design. No ziggurat next to your mine, learn to play undead
(15:42 / All) W0P: 0-0 wyrms ftl
(15:56 / All) Teelo: green "took his item" so he killed green, lol
(16:00 / All) 904soldier: what does that mean?
(16:09 / All) W0P: for the loss
(16:12 / All) Teelo: it means you haven't upgraded your frosties
(16:15 / All) W0P: learn how to upgrade units noob
(16:19 / All) 904soldier: lol
(16:28 / All) 904soldier: when u hav no partners?
(16:34 / All) 904soldier: i owned 3 armies noob
(16:40 / All) noobfest: lol not ours
(16:40 / All) Teelo: I really like how teal complains aobut "how bad I am" yet he has a terrible base design himself
(17:06 / All) Teelo: if you had BM harassed him, all his acolytes would be dead
(17:10 / All) Teelo: no tower next to the mine, lol
(17:24 / All) 904soldier: thats right oj
(17:31 / All) W0P: you suck
(17:40 / All) W0P: havent lost 1 rifle all game
(17:42 / All) W0P: LOL
(17:48 / All) bulldozerx4: i lost 1 to creeps..
(17:48 / All) ShoeStacker101: haha, that was awesome... I love people get pissed so easily
(17:49 / All) bulldozerx4: lol
(17:55 / All) W0P: no you wont
(18:05 / All) W0P: yah cause you pussied out
(18:07 / All) 904soldier: yet the challege has been made
(18:07 / All) W0P: ill own you
(18:10 / All) noobfest: cant help but notice
(18:17 / All) noobfest: we KICKED ur ass
(18:25 / All) 904soldier: yes u did red
(18:37 / All) W0P: i guess you missed what i said.... you didnt kill 1 rifle all game and you had wyrms
(18:37 / All) Teelo: yes, you did, you rushed on a rush map when my allies all decided to tech
(18:38 / All) Teelo: grats
(18:47 / All) bulldozerx4: small map
(18:49 / All) 904soldier: no i didnt miss that yellow
(18:49 / All) bulldozerx4: obv u rush
(18:58 / All) 904soldier: i guess u missed what i said though
(19:11 / All) bulldozerx4: no I read the excuses
(19:15 / All) W0P: you have no life
(19:17 / All) W0P: you lose
(19:39 / All) Teelo: also amusing that all my allies had 2k gold when my base was destroyed
(19:43 / All) Teelo: nice job not making units on a rush map!
(19:55 / All) 904soldier: u didnt hav uniots oj
(20:01 / All) Teelo: i had archers
(20:02 / All) W0P: 3-3 rifles vs 0-0 wyrms
(20:03 / All) W0P: GG
(20:04 / All) 904soldier: 3